Sasquatch vs Mulligans
Created - 26 janvier 2017 at 18:59
Goals
|
Sasquatch |
1 |
0 |
0 |
1 |
Mulligans |
0 |
2 |
1 |
3 |
|
Shots
|
Sasquatch |
16 |
13 |
5 |
34 |
Mulligans |
9 |
20 |
10 |
39 |
|
1st period
1. Sasquatch , Jason Akeson 17 (Linus Omark, Josh Bailey) at 13:23
Penalties :
Brock Trotter (Gat) for Interference (Minor) at 14:28
2nd period
2. Mulligans , Anton Lander 14 (Michael Del Zotto, Jordan Szwarz) at 1:31
3. Mulligans , Maxime Macenauer 7 (Matt Beleskey, Cody Goloubef) at 15:19
Penalties :
No Penalty
3rd period
4. Mulligans , Eric Tangradi 13 (Jordan Szwarz, Thomas Hickey) at 4:54
Penalties :
Matt Niskanen (Rep) for Tripping (Minor) at 1:00, Andy Andreoff (Gat) for Interference (Minor) at 10:24
Goalie Stats
Corey Crawford (Gat), 36 saves from 39 shots - (0,923), L, 14-4-1, 60:00 minutes
Anders Lindback (Rep), 33 saves from 34 shots - (0,971), W, 12-8-2, 60:00 minutes
Players Stats for Sasquatch
Player Name G A P +/- PIM S H SB GA TA FO MP PP MP PK MP
------------------------------------------------------------------------------------
Andrej Sustr 0 0 0 -1 0 2 2 3 0 1 0/0 23:31 0:00 2:08
Andy Andreoff 0 0 0 0 2 0 2 0 0 0 0/0 10:00 0:00 0:31
Brock Trotter 0 0 0 -1 2 3 2 1 0 0 0/0 16:10 0:55 0:44
Drew Shore 0 0 0 0 0 3 1 0 0 0 4/4 11:02 0:00 1:55
Garnet Hathaway 0 0 0 -1 0 0 0 0 1 0 0/0 14:33 0:00 0:00
James Wisniewski 0 0 0 0 0 2 4 1 0 1 0/0 20:06 0:54 1:50
Jason Akeson 1 0 1 0 0 4 2 3 1 0 0/0 20:18 1:04 0:00
Jesper Fast 0 0 0 0 0 0 1 0 0 0 0/0 7:27 0:00 0:00
Jonathan Blum 0 0 0 -1 0 1 0 1 0 0 0/0 22:09 1:05 2:08
Josh Bailey 0 1 1 0 0 2 0 0 0 1 17/30 19:17 0:02 0:00
Lars Eller 0 0 0 -1 0 3 6 0 0 1 5/14 16:44 1:04 0:54
Linus Omark 0 1 1 0 0 5 1 0 0 0 0/1 22:06 1:04 1:19
Nick Leddy 0 0 0 -2 0 4 1 1 2 0 0/0 25:08 1:05 0:00
Ryan Strome 0 0 0 -1 0 0 0 0 0 0 0/0 12:39 0:53 0:00
Slava Voynov 0 0 0 0 0 1 3 1 0 0 0/0 15:05 0:00 1:50
Stephane Da Costa 0 0 0 -1 0 4 2 0 0 0 3/5 12:23 0:55 0:47
Teemu Hartikainen 0 0 0 -1 0 0 1 1 0 1 1/3 13:21 0:00 1:46
Yannick Weber 0 0 0 0 0 0 0 2 0 1 0/0 14:01 0:54 0:00
Players Stats for Mulligans
Player Name G A P +/- PIM S H SB GA TA FO MP PP MP PK MP
------------------------------------------------------------------------------------
Anton Lander 1 0 1 2 0 4 0 1 0 0 6/17 17:24 1:49 0:36
Cade Fairchild 0 0 0 1 0 1 1 0 0 0 0/0 10:54 0:00 0:35
Chris Neil 0 0 0 -1 0 1 1 0 0 0 0/1 17:53 1:54 0:36
Cody Goloubef 0 1 1 1 0 0 1 0 0 0 0/0 10:54 0:00 0:35
Denis Arkhipov 0 0 0 -1 0 3 1 0 0 0 13/21 17:21 1:54 0:00
Drayson Bowman 0 0 0 -1 0 2 1 0 0 0 0/1 17:35 1:54 0:00
Eric Tangradi 1 0 1 2 0 7 1 1 2 0 0/0 17:05 1:49 0:24
Gord Baldwin 0 0 0 -1 0 0 0 1 0 1 0/0 14:31 0:00 1:24
Jan Hlavac 0 0 0 0 0 2 1 0 0 0 0/0 12:27 0:15 0:59
Jonathan Tremblay 0 0 0 1 0 3 0 0 0 0 0/0 13:54 1:49 0:00
Jordan Szwarz 0 2 2 2 0 2 1 1 0 0 0/0 15:55 0:15 0:00
Logan Shaw 0 0 0 0 0 1 0 0 0 0 0/0 11:08 0:15 0:00
Matt Beleskey 0 1 1 1 0 2 2 1 2 1 0/0 13:18 0:00 0:00
Matt Donovan 0 0 0 -1 0 0 3 0 0 0 0/0 14:20 0:00 1:24
Matt Niskanen 0 0 0 1 2 1 0 0 0 0 0/0 17:54 1:16 0:00
Matt Taormina 0 0 0 1 0 1 0 0 0 1 0/0 17:19 2:42 0:00
Maxime Macenauer 1 0 1 1 0 1 1 0 1 0 5/11 13:02 0:00 0:26
Michael Del Zotto 0 1 1 1 0 4 2 0 1 1 0/0 17:19 2:42 0:00
Thomas Hickey 0 1 1 1 0 1 0 0 0 0 0/0 17:27 1:16 0:00
Tim Schaller 0 0 0 0 0 3 1 1 0 0 3/6 10:20 0:00 0:57
3 Stars
1 - Anders Lindback (Rep)
2 - Eric Tangradi (Rep)
3 - Jordan Szwarz (Rep)
Power Play
Sasquatch - 0 on 1 Attempt(s) - 0,00%
Mulligans - 0 on 2 Attempt(s) - 0,00%
Penalty Kill
Sasquatch - 2 on 2 Attempt(s) - 100,00%
- Score 0 goal in Penalty Kill
Mulligans - 1 on 1 Attempt(s) - 100,00%
- Score 0 goal in Penalty Kill
Team Stat
Sasquatch - Hits : 28 - Faceoff Wins : 30 - Blocked Shots : 14 - Penalty Minutes : 4
Mulligans - Hits : 17 - Faceoff Wins : 27 - Blocked Shots : 6 - Penalty Minutes : 2
Official
Referees : Devorski Paul and Rooney Chris
Linesman : Brian Mach and Jean Morin
Game Notes
No Game Note
Finance
Level 1 -- Attendance: 1426 (71,30%) -- Ticket Income 28 520 $
Level 2 -- Attendance: 818 (81,80%) -- Ticket Income 5 726 $
Total Attendance: 2244 (74,80%)
Total Ticket Income: 34 246 $
Other Income: 1 712 $
Total Income: 35 958 $
Sasquatch
5 vs 5 Forward
Center Left Wing Right Wing Time % Phy DF OF
1 Josh Bailey Linus Omark Jason Akeson 40 1 2 2
2 Lars Eller Brock Trotter Garnet Hathaway 30 1 2 2
3 Stephane Da Costa Teemu Hartikainen Ryan Strome 20 1 2 2
4 Drew Shore Andy Andreoff Jesper Fast 10 1 2 2
5 vs 5 Defense
Defense Defense Time % Phy DF OF
1 Nick Leddy Andrej Sustr 40 1 2 2
2 James Wisniewski Jonathan Blum 30 1 2 2
3 Slava Voynov Yannick Weber 20 1 2 2
4 Jonathan Blum Nick Leddy 10 1 2 2
PowerPlay Forward
Center Left Wing Right Wing Time % Phy DF OF
1 Lars Eller Linus Omark Jason Akeson 60 1 2 2
2 Stephane Da Costa Brock Trotter Ryan Strome 40 1 2 2
PowerPlay Defense
Defense Defense Time % Phy DF OF
1 Nick Leddy Jonathan Blum 60 1 2 2
2 Yannick Weber James Wisniewski 40 1 2 2
Penalty Kill 4 Players Forward
Center Wing Time % Phy DF OF
1 Drew Shore Teemu Hartikainen 60 1 2 2
2 Lars Eller Linus Omark 40 1 2 2
Penalty Kill 4 Players Defense
Defense Defense Time % Phy DF OF
1 Jonathan Blum Andrej Sustr 60 1 2 2
2 James Wisniewski Slava Voynov 40 1 2 2
Penalty Kill - 3 Players Forward
Forward Time % Phy DF OF
1 Lars Eller 60 1 2 2
2 Drew Shore 40 1 2 2
Penalty Kill - 3 Players Defense
Defense Defense Time % Phy DF OF
1 Slava Voynov Andrej Sustr 60 1 2 2
2 James Wisniewski Jonathan Blum 40 1 2 2
4 vs 4 Forward
Center Wing Time % Phy DF OF
1 Josh Bailey Brock Trotter 60 1 2 2
2 Stephane Da Costa Linus Omark 40 1 2 2
4 vs 4 Defense
Defense Defense Time % Phy DF OF
1 Andrej Sustr Nick Leddy 60 1 2 2
2 Yannick Weber Jonathan Blum 40 1 2 2
Last Minutes Offensive
Center Left Wing Right Wing Defense Defense
Stephane Da Costa Linus Omark Jason Akeson Nick Leddy Jonathan Blum
Last Minutes Defensive
Center Left Wing Right Wing Defense Defense
Drew Shore Linus Omark Garnet Hathaway James Wisniewski Andrej Sustr
Goaltenders
Starting : Corey Crawford
Backup : Jake Allen
Extra Forwards
Normal : Teemu Hartikainen, Drew Shore, Brock Trotter - PP : Josh Bailey, Linus Omark - PK : Brock Trotter
Extra Defensemen
Normal : Jonathan Blum, Yannick Weber, James Wisniewski - PP : Andrej Sustr - PK : Nick Leddy, Yannick Weber
Penalty Shots
Linus Omark, Lars Eller, Jason Akeson, Ryan Strome, James Wisniewski
Mulligans
5 vs 5 Forward
Center Left Wing Right Wing Time % Phy DF OF
1 Denis Arkhipov Drayson Bowman Chris Neil 30 0 3 2
2 Anton Lander Eric Tangradi Jordan Szwarz 28 0 3 2
3 Maxime Macenauer Matt Beleskey Jonathan Tremblay 24 0 3 2
4 Tim Schaller Jan Hlavac Logan Shaw 18 0 3 2
5 vs 5 Defense
Defense Defense Time % Phy DF OF
1 Michael Del Zotto Matt Taormina 30 1 3 1
2 Thomas Hickey Matt Niskanen 30 1 3 1
3 Gord Baldwin Matt Donovan 22 1 4 0
4 Cade Fairchild Cody Goloubef 18 1 3 1
PowerPlay Forward
Center Left Wing Right Wing Time % Phy DF OF
1 Denis Arkhipov Drayson Bowman Chris Neil 60 1 0 4
2 Anton Lander Eric Tangradi Jonathan Tremblay 40 1 0 4
PowerPlay Defense
Defense Defense Time % Phy DF OF
1 Michael Del Zotto Matt Taormina 55 1 1 3
2 Thomas Hickey Matt Niskanen 45 0 2 3
Penalty Kill 4 Players Forward
Center Wing Time % Phy DF OF
1 Tim Schaller Jan Hlavac 60 1 3 1
2 Anton Lander Chris Neil 40 1 3 1
Penalty Kill 4 Players Defense
Defense Defense Time % Phy DF OF
1 Matt Donovan Gord Baldwin 60 1 4 0
2 Cody Goloubef Cade Fairchild 40 1 4 0
Penalty Kill - 3 Players Forward
Forward Time % Phy DF OF
1 Jan Hlavac 60 1 4 0
2 Anton Lander 40 1 4 0
Penalty Kill - 3 Players Defense
Defense Defense Time % Phy DF OF
1 Matt Donovan Gord Baldwin 60 1 2 2
2 Cade Fairchild Cody Goloubef 40 1 2 2
4 vs 4 Forward
Center Wing Time % Phy DF OF
1 Denis Arkhipov Chris Neil 60 0 2 3
2 Anton Lander Drayson Bowman 40 1 2 2
4 vs 4 Defense
Defense Defense Time % Phy DF OF
1 Michael Del Zotto Matt Taormina 60 0 3 2
2 Thomas Hickey Matt Niskanen 40 0 3 2
Last Minutes Offensive
Center Left Wing Right Wing Defense Defense
Denis Arkhipov Matt Beleskey Chris Neil Michael Del Zotto Matt Taormina
Last Minutes Defensive
Center Left Wing Right Wing Defense Defense
Anton Lander Jan Hlavac Chris Neil Matt Taormina Matt Donovan
Goaltenders
Starting : Anders Lindback
Backup : Calvin Pickard
Extra Forwards
Normal : Drayson Bowman, Jordan Szwarz, Matt Beleskey - PP : Drayson Bowman, Jordan Szwarz - PK : Maxime Macenauer
Extra Defensemen
Normal : Matt Donovan, Cody Goloubef, Cade Fairchild - PP : Matt Donovan - PK : Cody Goloubef, Cade Fairchild
Penalty Shots
Jan Hlavac, Denis Arkhipov, Chris Neil, Maxime Macenauer, Matt Taormina
% Time on Ice - Sasquatch
Lines # - Real PCT - Wanted PCT - Time Play
Normal Forward
1 - 37% - 40% - 20:11
2 - 29% - 30% - 15:45
3 - 20% - 20% - 10:40
4 - 14% - 10% - 7:27
Normal Defense
1 - 41% - 40% - 22:02
2 - 29% - 30% - 15:54
3 - 23% - 20% - 12:42
4 - 6% - 10% - 3:25
PP Forward
1 - 54% - 60% - 1:04
2 - 46% - 40% - 0:55
PP Defense
1 - 55% - 60% - 1:05
2 - 45% - 40% - 0:54
PK Forward
1 - 77% - 60% - 3:04
2 - 23% - 40% - 0:54
PK Defense
1 - 54% - 60% - 2:08
2 - 46% - 40% - 1:50
PK3 Forward
1 - 0% - 60%
2 - 0% - 40%
PK3 Defense
1 - 0% - 60%
2 - 0% - 40%
44 Forward
1 - 0% - 60%
2 - 0% - 40%
44 Defense
1 - 0% - 60%
2 - 0% - 40%
Last Minute Offensive - 0:00
Last Minute Defensive - 0:00
Total
Forward - 60:00
Defense - 60:00
|
% Time on Ice - Mulligans
Lines # - Real PCT - Wanted PCT - Time Play
Normal Forward
1 - 30% - 30% - 16:17
2 - 30% - 28% - 16:15
3 - 22% - 24% - 12:08
4 - 17% - 18% - 9:23
Normal Defense
1 - 29% - 30% - 15:31
2 - 30% - 30% - 16:11
3 - 22% - 22% - 12:02
4 - 19% - 18% - 10:19
PP Forward
1 - 54% - 60% - 2:09
2 - 46% - 40% - 1:49
PP Defense
1 - 68% - 55% - 2:42
2 - 32% - 45% - 1:16
PK Forward
1 - 70% - 60% - 1:23
2 - 30% - 40% - 0:36
PK Defense
1 - 71% - 60% - 1:24
2 - 29% - 40% - 0:35
PK3 Forward
1 - 0% - 60%
2 - 0% - 40%
PK3 Defense
1 - 0% - 60%
2 - 0% - 40%
44 Forward
1 - 0% - 60%
2 - 0% - 40%
44 Defense
1 - 0% - 60%
2 - 0% - 40%
Last Minute Offensive - 0:00
Last Minute Defensive - 0:00
Total
Forward - 60:00
Defense - 60:00
|
Play by Play
1st period
0:01 of 1st period - Josh Bailey wins face-off versus Drayson Bowman in neutral zone.
0:26 of 1st period - Jordan Szwarz is hit by Brock Trotter.
0:32 of 1st period - Wrist shot by Eric Tangradi.
0:32 of 1st period - Stopped by Corey Crawford without a rebound.
0:33 of 1st period - Maxime Macenauer wins face-off versus Stephane Da Costa in Sasquatch zone.
0:34 of 1st period - Wrist shot by Matt Beleskey.
0:34 of 1st period - Deflect By Jonathan Tremblay.
0:34 of 1st period - Shot Blocked by James Wisniewski.
0:34 of 1st period - Puck is out of play.
0:35 of 1st period - Teemu Hartikainen wins face-off versus Maxime Macenauer in Sasquatch zone.
0:46 of 1st period - Snap shot by Stephane Da Costa.
0:46 of 1st period - Stopped by Anders Lindback without a rebound.
0:47 of 1st period - Drew Shore wins face-off versus Tim Schaller in Mulligans zone.
0:58 of 1st period - Snap shot by Drew Shore.
0:58 of 1st period - Stopped by Anders Lindback with a rebound.
1:12 of 1st period - Yannick Weber is hit by Jordan Szwarz and loses puck.
2:10 of 1st period - Jonathan Blum is hit by Cade Fairchild and loses puck.
2:25 of 1st period - Wrist shot by Brock Trotter.
2:25 of 1st period - Stopped by Anders Lindback with a rebound.
2:31 of 1st period - Cody Goloubef is hit by James Wisniewski and loses puck.
2:50 of 1st period - Wrist shot by Drew Shore.
2:50 of 1st period - Stopped by Anders Lindback with a rebound.
2:52 of 1st period - Slapshot by Nick Leddy.
2:52 of 1st period - Shot Misses the Net.
2:54 of 1st period - Slapshot by Nick Leddy.
2:54 of 1st period - Stopped by Anders Lindback with a rebound.
2:56 of 1st period - Snap shot by Nick Leddy.
2:56 of 1st period - Shot Blocked by Eric Tangradi.
2:58 of 1st period - Snap shot by Andy Andreoff.
2:58 of 1st period - Shot Blocked by Anton Lander.
3:10 of 1st period - Wrist shot by Matt Beleskey.
3:10 of 1st period - Shot Blocked by Jason Akeson.
3:12 of 1st period - Slapshot by Jonathan Tremblay.
3:12 of 1st period - Shot Misses the Net.
3:34 of 1st period - Yannick Weber is hit by Drayson Bowman.
4:06 of 1st period - Jan Hlavac is hit by Andrej Sustr and loses puck.
4:13 of 1st period - Wrist shot by Lars Eller.
4:13 of 1st period - Shot Blocked by Tim Schaller.
4:26 of 1st period - Jordan Szwarz is hit by Andrej Sustr and loses puck.
4:49 of 1st period - Chris Neil is hit by Slava Voynov and loses puck.
5:02 of 1st period - Slapshot by Jonathan Tremblay.
5:02 of 1st period - Stopped by Corey Crawford with a rebound.
5:23 of 1st period - Slapshot by Jonathan Blum.
5:23 of 1st period - Deflect By Linus Omark.
5:23 of 1st period - Stopped by Anders Lindback without a rebound.
5:24 of 1st period - Josh Bailey wins face-off versus Anton Lander in Mulligans zone.
5:33 of 1st period - Snap shot by Jordan Szwarz.
5:33 of 1st period - Shot Misses the Net.
5:35 of 1st period - Slapshot by Matt Taormina.
5:35 of 1st period - Deflect By Josh Bailey.
5:35 of 1st period - Stopped by Corey Crawford with a rebound.
5:39 of 1st period - Wrist shot by Anton Lander.
5:39 of 1st period - Shot Hit the Post.
5:56 of 1st period - Snap shot by Brock Trotter.
5:56 of 1st period - Stopped by Anders Lindback without a rebound.
5:57 of 1st period - Lars Eller wins face-off versus Maxime Macenauer in Mulligans zone.
6:24 of 1st period - Linus Omark is hit by Matt Donovan and loses puck.
6:31 of 1st period - Snap shot by Drayson Bowman.
6:31 of 1st period - Deflect By Denis Arkhipov.
6:31 of 1st period - Stopped by Corey Crawford with a rebound.
6:44 of 1st period - Off-side.
6:45 of 1st period - Anton Lander wins face-off versus Teemu Hartikainen in neutral zone.
7:24 of 1st period - Slapshot by Michael Del Zotto.
7:24 of 1st period - Stopped by Corey Crawford with a rebound.
7:56 of 1st period - Slapshot by Nick Leddy.
7:56 of 1st period - Stopped by Anders Lindback without a rebound.
7:57 of 1st period - Denis Arkhipov wins face-off versus Josh Bailey in Mulligans zone.
7:57 of 1st period - Denis Arkhipov is hit by Linus Omark.
8:13 of 1st period - Wrist shot by Linus Omark.
8:13 of 1st period - Stopped by Anders Lindback with a rebound.
8:40 of 1st period - Wrist shot by Drew Shore.
8:40 of 1st period - Stopped by Anders Lindback with a rebound.
9:01 of 1st period - Slapshot by Jonathan Tremblay.
9:01 of 1st period - Stopped by Corey Crawford without a rebound.
9:02 of 1st period - Josh Bailey wins face-off versus Chris Neil in Sasquatch zone.
9:02 of 1st period - Josh Bailey is hit by Matt Donovan.
10:11 of 1st period - Nick Leddy is hit by Matt Beleskey and loses puck.
10:45 of 1st period - Garnet Hathaway is hit by Tim Schaller and loses puck.
12:06 of 1st period - Slapshot by Tim Schaller.
12:06 of 1st period - Shot Misses the Net.
12:18 of 1st period - Anton Lander is hit by Nick Leddy and loses puck.
12:41 of 1st period - Wrist shot by Nick Leddy.
12:41 of 1st period - Stopped by Anders Lindback with a rebound.
12:47 of 1st period - Andrej Sustr is hit by Michael Del Zotto and loses puck.
13:04 of 1st period - Slapshot by Stephane Da Costa.
13:04 of 1st period - Stopped by Anders Lindback without a rebound.
13:05 of 1st period - Denis Arkhipov wins face-off versus Stephane Da Costa in Mulligans zone.
13:14 of 1st period - Slapshot by Chris Neil.
13:14 of 1st period - Stopped by Corey Crawford without a rebound.
13:15 of 1st period - Josh Bailey wins face-off versus Denis Arkhipov in Sasquatch zone.
13:15 of 1st period - Josh Bailey is hit by Denis Arkhipov.
13:21 of 1st period - Snap shot by Linus Omark.
13:21 of 1st period - Shot Misses the Net.
13:23 of 1st period - Snap shot by Jason Akeson.
13:23 of 1st period - Goal by Jason Akeson - Sasquatch : 1 - Mulligans : 0.
13:24 of 1st period - Denis Arkhipov wins face-off versus Josh Bailey in neutral zone.
14:16 of 1st period - Wrist shot by Lars Eller.
14:16 of 1st period - Stopped by Anders Lindback with a rebound.
14:22 of 1st period - Snap shot by Tim Schaller.
14:22 of 1st period - Shot Misses the Net.
14:28 of 1st period - Minor Penalty to Brock Trotter for Interference.
14:29 of 1st period - Drew Shore wins face-off versus Denis Arkhipov in Sasquatch zone.
15:54 of 1st period - Michael Del Zotto is hit by Andy Andreoff and loses puck.
16:19 of 1st period - Michael Del Zotto is hit by Lars Eller and loses puck.
16:28 of 1st period - Penalty to Brock Trotter is over, Brock Trotter is back on ice.
17:00 of 1st period - Wrist shot by Linus Omark.
17:00 of 1st period - Deflect By Lars Eller.
17:00 of 1st period - Deflect By Matt Taormina.
17:00 of 1st period - Shot Misses the Net.
17:00 of 1st period - Puck is out of play.
17:01 of 1st period - Stephane Da Costa wins face-off versus Maxime Macenauer in Mulligans zone.
17:10 of 1st period - Snap shot by Stephane Da Costa.
17:10 of 1st period - Stopped by Anders Lindback with a rebound.
17:26 of 1st period - Matt Donovan is hit by Andy Andreoff and loses puck.
17:35 of 1st period - Slapshot by Jonathan Blum.
17:35 of 1st period - Shot Blocked by Gord Baldwin.
17:45 of 1st period - Wrist shot by Drayson Bowman.
17:45 of 1st period - Stopped by Corey Crawford with a rebound.
17:49 of 1st period - Slapshot by Eric Tangradi.
17:49 of 1st period - Stopped by Corey Crawford with a rebound.
17:51 of 1st period - Slapshot by Gord Baldwin.
17:51 of 1st period - Shot Blocked by Jason Akeson.
18:24 of 1st period - Eric Tangradi is hit by Slava Voynov and loses puck.
18:37 of 1st period - Jonathan Tremblay is hit by Drew Shore and loses puck.
19:30 of 1st period - Snap shot by Linus Omark.
19:30 of 1st period - Stopped by Anders Lindback without a rebound.
19:31 of 1st period - Stephane Da Costa wins face-off versus Anton Lander in Mulligans zone.
Goals for this period are 1 for Sasquatch vs 0 for Mulligans.
Shots for this period are 16 for Sasquatch vs 9 for Mulligans.
2nd period
0:01 of 2nd period - Josh Bailey wins face-off versus Anton Lander in neutral zone.
0:32 of 2nd period - Slapshot by Jan Hlavac.
0:32 of 2nd period - Stopped by Corey Crawford without a rebound.
0:33 of 2nd period - Tim Schaller wins face-off versus Lars Eller in Sasquatch zone.
0:48 of 2nd period - Snap shot by Michael Del Zotto.
0:48 of 2nd period - Shot Misses the Net.
0:50 of 2nd period - Snap shot by Tim Schaller.
0:50 of 2nd period - Stopped by Corey Crawford without a rebound.
0:51 of 2nd period - Denis Arkhipov wins face-off versus Josh Bailey in Sasquatch zone.
0:54 of 2nd period - Wrist shot by Drayson Bowman.
0:54 of 2nd period - Stopped by Corey Crawford without a rebound.
0:55 of 2nd period - Denis Arkhipov wins face-off versus Josh Bailey in Sasquatch zone.
1:11 of 2nd period - Icing by Linus Omark.
1:12 of 2nd period - Josh Bailey wins face-off versus Anton Lander in Sasquatch zone.
1:12 of 2nd period - Josh Bailey is hit by Eric Tangradi.
1:15 of 2nd period - Icing by Linus Omark.
1:16 of 2nd period - Anton Lander wins face-off versus Josh Bailey in Sasquatch zone.
1:23 of 2nd period - Slapshot by Eric Tangradi.
1:23 of 2nd period - Stopped by Corey Crawford with a rebound.
1:25 of 2nd period - Slapshot by Matt Taormina.
1:25 of 2nd period - Deflect By Jordan Szwarz.
1:25 of 2nd period - Stopped by Corey Crawford with a rebound.
1:27 of 2nd period - Slapshot by Michael Del Zotto.
1:27 of 2nd period - Shot Blocked by Andrej Sustr.
1:29 of 2nd period - Wrist shot by Anton Lander.
1:29 of 2nd period - Stopped by Corey Crawford with a rebound.
1:31 of 2nd period - Snap shot by Anton Lander.
1:31 of 2nd period - Goal by Anton Lander - Sasquatch : 1 - Mulligans : 1.
1:32 of 2nd period - Maxime Macenauer wins face-off versus Josh Bailey in neutral zone.
2:04 of 2nd period - Snap shot by James Wisniewski.
2:04 of 2nd period - Stopped by Anders Lindback with a rebound.
3:22 of 2nd period - Snap shot by Lars Eller.
3:22 of 2nd period - Shot Misses the Net.
3:24 of 2nd period - Snap shot by Brock Trotter.
3:24 of 2nd period - Shot Misses the Net.
3:26 of 2nd period - Snap shot by Brock Trotter.
3:26 of 2nd period - Stopped by Anders Lindback with a rebound.
3:28 of 2nd period - Wrist shot by Garnet Hathaway.
3:28 of 2nd period - Shot Misses the Net.
3:42 of 2nd period - Slapshot by Anton Lander.
3:42 of 2nd period - Shot Blocked by Yannick Weber.
3:44 of 2nd period - Wrist shot by Eric Tangradi.
3:44 of 2nd period - Shot Misses the Net.
3:46 of 2nd period - Slapshot by Jordan Szwarz.
3:46 of 2nd period - Stopped by Corey Crawford without a rebound.
3:47 of 2nd period - Josh Bailey wins face-off versus Anton Lander in Sasquatch zone.
4:20 of 2nd period - Off-side.
4:21 of 2nd period - Josh Bailey wins face-off versus Maxime Macenauer in neutral zone.
5:56 of 2nd period - Andy Andreoff is hit by Maxime Macenauer and loses puck.
6:15 of 2nd period - Slapshot by Brock Trotter.
6:15 of 2nd period - Deflect By Lars Eller.
6:15 of 2nd period - Stopped by Anders Lindback without a rebound.
6:16 of 2nd period - Anton Lander wins face-off versus Lars Eller in Mulligans zone.
6:44 of 2nd period - Slapshot by Eric Tangradi.
6:44 of 2nd period - Stopped by Corey Crawford with a rebound.
6:58 of 2nd period - Snap shot by Lars Eller.
6:58 of 2nd period - Deflect By Garnet Hathaway.
6:58 of 2nd period - Shot Misses the Net.
6:58 of 2nd period - Puck is out of play.
6:59 of 2nd period - Denis Arkhipov wins face-off versus Josh Bailey in Mulligans zone.
7:59 of 2nd period - Wrist shot by Jan Hlavac.
7:59 of 2nd period - Stopped by Corey Crawford with a rebound.
8:01 of 2nd period - Snap shot by Jan Hlavac.
8:01 of 2nd period - Shot Blocked by Andrej Sustr.
8:11 of 2nd period - Andrej Sustr is hit by Cody Goloubef and loses puck.
8:26 of 2nd period - Snap shot by Michael Del Zotto.
8:26 of 2nd period - Stopped by Corey Crawford without a rebound.
8:27 of 2nd period - Maxime Macenauer wins face-off versus Lars Eller in Sasquatch zone.
8:32 of 2nd period - Slapshot by Matt Niskanen.
8:32 of 2nd period - Shot Blocked by Brock Trotter.
8:34 of 2nd period - Snap shot by Matt Beleskey.
8:34 of 2nd period - Stopped by Corey Crawford without a rebound.
8:35 of 2nd period - Denis Arkhipov wins face-off versus Linus Omark in Sasquatch zone.
8:46 of 2nd period - Slapshot by Jonathan Blum.
8:46 of 2nd period - Shot Misses the Net.
9:06 of 2nd period - Wrist shot by Tim Schaller.
9:06 of 2nd period - Deflect By James Wisniewski.
9:06 of 2nd period - Shot Misses the Net.
9:06 of 2nd period - Puck is out of play.
9:07 of 2nd period - Lars Eller wins face-off versus Maxime Macenauer in Sasquatch zone.
9:13 of 2nd period - Maxime Macenauer is hit by Lars Eller.
9:27 of 2nd period - Michael Del Zotto is hit by Lars Eller and loses puck.
9:42 of 2nd period - Snap shot by Josh Bailey.
9:42 of 2nd period - Shot Misses the Net.
9:44 of 2nd period - Snap shot by Slava Voynov.
9:44 of 2nd period - Stopped by Anders Lindback with a rebound.
9:46 of 2nd period - Slapshot by Slava Voynov.
9:46 of 2nd period - Deflect By Jason Akeson.
9:46 of 2nd period - Stopped by Anders Lindback without a rebound.
9:47 of 2nd period - Josh Bailey wins face-off versus Anton Lander in Mulligans zone.
9:48 of 2nd period - Wrist shot by Jason Akeson.
9:48 of 2nd period - Stopped by Anders Lindback with a rebound.
9:50 of 2nd period - Backhand shot by Nick Leddy.
9:50 of 2nd period - Deflect By Josh Bailey.
9:50 of 2nd period - Shot Blocked by Jordan Szwarz.
9:50 of 2nd period - Puck is out of play.
9:51 of 2nd period - Josh Bailey wins face-off versus Anton Lander in Mulligans zone.
9:58 of 2nd period - Wrist shot by Linus Omark.
9:58 of 2nd period - Deflect By Jason Akeson.
9:58 of 2nd period - Stopped by Anders Lindback with a rebound.
10:00 of 2nd period - Wrist shot by Josh Bailey.
10:00 of 2nd period - Stopped by Anders Lindback with a rebound.
10:04 of 2nd period - Slapshot by Linus Omark.
10:04 of 2nd period - Stopped by Anders Lindback without a rebound.
10:05 of 2nd period - Denis Arkhipov wins face-off versus Josh Bailey in Mulligans zone.
10:30 of 2nd period - Drayson Bowman is hit by Stephane Da Costa and loses puck.
10:55 of 2nd period - Slapshot by Andrej Sustr.
10:55 of 2nd period - Stopped by Anders Lindback without a rebound.
10:56 of 2nd period - Drew Shore wins face-off versus Tim Schaller in Mulligans zone.
11:42 of 2nd period - Snap shot by Lars Eller.
11:42 of 2nd period - Stopped by Anders Lindback with a rebound.
11:48 of 2nd period - Jonathan Tremblay is hit by Lars Eller and loses puck.
12:57 of 2nd period - Off-side.
12:58 of 2nd period - Maxime Macenauer wins face-off versus Lars Eller in neutral zone.
13:13 of 2nd period - Wrist shot by Jonathan Tremblay.
13:13 of 2nd period - Shot Misses the Net.
13:32 of 2nd period - Snap shot by Eric Tangradi.
13:32 of 2nd period - Deflect By Linus Omark.
13:32 of 2nd period - Stopped by Corey Crawford without a rebound.
13:33 of 2nd period - Tim Schaller wins face-off versus Josh Bailey in Sasquatch zone.
13:42 of 2nd period - Wrist shot by Tim Schaller.
13:42 of 2nd period - Stopped by Corey Crawford with a rebound.
13:44 of 2nd period - Snap shot by Tim Schaller.
13:44 of 2nd period - Shot Blocked by Slava Voynov.
13:46 of 2nd period - Snap shot by Jan Hlavac.
13:46 of 2nd period - Shot Blocked by Yannick Weber.
13:55 of 2nd period - Icing by Yannick Weber.
13:56 of 2nd period - Denis Arkhipov wins face-off versus Lars Eller in Sasquatch zone.
14:45 of 2nd period - Slapshot by Teemu Hartikainen.
14:45 of 2nd period - Deflect By Stephane Da Costa.
14:45 of 2nd period - Stopped by Anders Lindback without a rebound.
14:46 of 2nd period - Stephane Da Costa wins face-off versus Maxime Macenauer in Mulligans zone.
14:47 of 2nd period - Slapshot by Jonathan Blum.
14:47 of 2nd period - Shot Blocked by Matt Beleskey.
14:59 of 2nd period - Wrist shot by Jonathan Tremblay.
14:59 of 2nd period - Shot Misses the Net.
15:01 of 2nd period - Wrist shot by Jonathan Tremblay.
15:01 of 2nd period - Stopped by Corey Crawford with a rebound.
15:03 of 2nd period - Slapshot by Michael Del Zotto.
15:03 of 2nd period - Stopped by Corey Crawford with a rebound.
15:05 of 2nd period - Slapshot by Michael Del Zotto.
15:05 of 2nd period - Shot Blocked by Nick Leddy.
15:19 of 2nd period - Wrist shot by Matt Beleskey.
15:19 of 2nd period - Deflect By Maxime Macenauer.
15:19 of 2nd period - Goal by Maxime Macenauer - Sasquatch : 1 - Mulligans : 2.
15:20 of 2nd period - Josh Bailey wins face-off versus Denis Arkhipov in neutral zone.
15:23 of 2nd period - Slapshot by Andrej Sustr.
15:23 of 2nd period - Stopped by Anders Lindback with a rebound.
15:31 of 2nd period - Wrist shot by Denis Arkhipov.
15:31 of 2nd period - Stopped by Corey Crawford with a rebound.
15:33 of 2nd period - Slapshot by Matt Niskanen.
15:33 of 2nd period - Stopped by Corey Crawford with a rebound.
15:35 of 2nd period - Snap shot by Drayson Bowman.
15:35 of 2nd period - Shot Blocked by Jason Akeson.
16:04 of 2nd period - Snap shot by Josh Bailey.
16:04 of 2nd period - Shot Misses the Net.
16:08 of 2nd period - Snap shot by Jason Akeson.
16:08 of 2nd period - Deflect By Linus Omark.
16:08 of 2nd period - Shot Misses the Net.
16:08 of 2nd period - Puck is out of play.
16:09 of 2nd period - Anton Lander wins face-off versus Lars Eller in Mulligans zone.
17:21 of 2nd period - Maxime Macenauer is hit by James Wisniewski and loses puck.
19:03 of 2nd period - Wrist shot by Anton Lander.
19:03 of 2nd period - Stopped by Corey Crawford without a rebound.
19:04 of 2nd period - Lars Eller wins face-off versus Denis Arkhipov in Sasquatch zone.
19:09 of 2nd period - Matt Taormina is hit by Brock Trotter and loses puck.
19:14 of 2nd period - Wrist shot by Garnet Hathaway.
19:14 of 2nd period - Shot Misses the Net.
19:16 of 2nd period - Snap shot by Garnet Hathaway.
19:16 of 2nd period - Deflect By Brock Trotter.
19:16 of 2nd period - Shot Misses the Net.
19:16 of 2nd period - Puck is out of play.
19:17 of 2nd period - Josh Bailey wins face-off versus Anton Lander in Mulligans zone.
19:38 of 2nd period - James Wisniewski is hit by Michael Del Zotto and loses puck.
Goals for this period are 0 for Sasquatch vs 2 for Mulligans.
Shots for this period are 13 for Sasquatch vs 20 for Mulligans.
3rd period
0:01 of 3rd period - Josh Bailey wins face-off versus Denis Arkhipov in neutral zone.
0:03 of 3rd period - Off-side.
0:04 of 3rd period - Josh Bailey wins face-off versus Denis Arkhipov in neutral zone.
0:06 of 3rd period - Off-side.
0:07 of 3rd period - Denis Arkhipov wins face-off versus Josh Bailey in neutral zone.
0:18 of 3rd period - Slapshot by Chris Neil.
0:18 of 3rd period - Deflect By Denis Arkhipov.
0:18 of 3rd period - Shot Blocked by Andrej Sustr.
0:18 of 3rd period - Puck is out of play.
0:19 of 3rd period - Denis Arkhipov wins face-off versus Josh Bailey in Sasquatch zone.
0:44 of 3rd period - Matt Beleskey is hit by Lars Eller and loses puck.
1:00 of 3rd period - Minor Penalty to Matt Niskanen for Tripping.
1:01 of 3rd period - Tim Schaller wins face-off versus Lars Eller in Mulligans zone.
1:09 of 3rd period - Slapshot by Nick Leddy.
1:09 of 3rd period - Stopped by Anders Lindback with a rebound.
2:20 of 3rd period - Lars Eller is hit by Matt Donovan.
2:36 of 3rd period - Brock Trotter is hit by Chris Neil and loses puck.
3:00 of 3rd period - Penalty to Matt Niskanen is over, Matt Niskanen is back on ice.
4:16 of 3rd period - Wrist shot by Drew Shore.
4:16 of 3rd period - Shot Misses the Net.
4:32 of 3rd period - Wrist shot by Drayson Bowman.
4:32 of 3rd period - Shot Misses the Net.
4:34 of 3rd period - Slapshot by Tim Schaller.
4:34 of 3rd period - Stopped by Corey Crawford without a rebound.
4:35 of 3rd period - Anton Lander wins face-off versus Lars Eller in Sasquatch zone.
4:42 of 3rd period - Backhand shot by Thomas Hickey.
4:42 of 3rd period - Stopped by Corey Crawford with a rebound.
4:44 of 3rd period - Wrist shot by Eric Tangradi.
4:44 of 3rd period - Stopped by Corey Crawford without a rebound.
4:45 of 3rd period - Lars Eller wins face-off versus Anton Lander in Sasquatch zone.
4:52 of 3rd period - Wrist shot by Jordan Szwarz.
4:52 of 3rd period - Shot Misses the Net.
4:54 of 3rd period - Snap shot by Eric Tangradi.
4:54 of 3rd period - Goal by Eric Tangradi - Sasquatch : 1 - Mulligans : 3.
4:55 of 3rd period - Maxime Macenauer wins face-off versus Josh Bailey in neutral zone.
5:10 of 3rd period - Snap shot by Josh Bailey.
5:10 of 3rd period - Stopped by Anders Lindback with a rebound.
5:41 of 3rd period - Slapshot by Michael Del Zotto.
5:41 of 3rd period - Deflect By Nick Leddy.
5:41 of 3rd period - Stopped by Corey Crawford without a rebound.
5:42 of 3rd period - Denis Arkhipov wins face-off versus Josh Bailey in Sasquatch zone.
5:47 of 3rd period - Snap shot by Denis Arkhipov.
5:47 of 3rd period - Shot Misses the Net.
5:53 of 3rd period - Slapshot by James Wisniewski.
5:53 of 3rd period - Stopped by Anders Lindback without a rebound.
5:54 of 3rd period - Josh Bailey wins face-off versus Tim Schaller in Mulligans zone.
5:55 of 3rd period - Snap shot by Linus Omark.
5:55 of 3rd period - Stopped by Anders Lindback with a rebound.
6:04 of 3rd period - Matt Donovan is hit by Slava Voynov and loses puck.
6:23 of 3rd period - Slapshot by Matt Donovan.
6:23 of 3rd period - Deflect By Eric Tangradi.
6:23 of 3rd period - Shot Misses the Net.
6:23 of 3rd period - Puck is out of play.
6:24 of 3rd period - Anton Lander wins face-off versus Lars Eller in Sasquatch zone.
6:25 of 3rd period - Snap shot by Eric Tangradi.
6:25 of 3rd period - Shot Blocked by Jonathan Blum.
6:27 of 3rd period - Slapshot by Matt Niskanen.
6:27 of 3rd period - Shot Misses the Net.
6:36 of 3rd period - Off-side.
6:37 of 3rd period - Josh Bailey wins face-off versus Denis Arkhipov in neutral zone.
6:40 of 3rd period - Drayson Bowman is hit by Jason Akeson and loses puck.
6:49 of 3rd period - Slapshot by Josh Bailey.
6:49 of 3rd period - Deflect By Michael Del Zotto.
6:49 of 3rd period - Shot Misses the Net.
6:49 of 3rd period - Puck is out of play.
6:50 of 3rd period - Josh Bailey wins face-off versus Denis Arkhipov in Mulligans zone.
7:30 of 3rd period - Off-side.
7:31 of 3rd period - Lars Eller wins face-off versus Anton Lander in neutral zone.
7:43 of 3rd period - Wrist shot by Jonathan Blum.
7:43 of 3rd period - Stopped by Anders Lindback with a rebound.
7:57 of 3rd period - Stephane Da Costa is hit by Matt Beleskey.
8:17 of 3rd period - Chris Neil is hit by James Wisniewski and loses puck.
8:22 of 3rd period - Slapshot by Drew Shore.
8:22 of 3rd period - Shot Misses the Net.
8:59 of 3rd period - Eric Tangradi is hit by Stephane Da Costa and loses puck.
9:20 of 3rd period - Wrist shot by Jonathan Tremblay.
9:20 of 3rd period - Shot Misses the Net.
9:22 of 3rd period - Slapshot by Cade Fairchild.
9:22 of 3rd period - Deflect By Yannick Weber.
9:22 of 3rd period - Stopped by Corey Crawford with a rebound.
9:47 of 3rd period - Chris Neil is hit by Jason Akeson and loses puck.
10:00 of 3rd period - Matt Taormina is hit by Teemu Hartikainen.
10:08 of 3rd period - Wrist shot by Denis Arkhipov.
10:08 of 3rd period - Stopped by Corey Crawford with a rebound.
10:21 of 3rd period - Matt Niskanen is hit by Jesper Fast and loses puck.
10:24 of 3rd period - Minor Penalty to Andy Andreoff for Interference.
10:25 of 3rd period - Drew Shore wins face-off versus Anton Lander in Sasquatch zone.
10:36 of 3rd period - Slapshot by Matt Taormina.
10:36 of 3rd period - Shot Misses the Net.
10:38 of 3rd period - Wrist shot by Anton Lander.
10:38 of 3rd period - Stopped by Corey Crawford with a rebound.
10:40 of 3rd period - Slapshot by Eric Tangradi.
10:40 of 3rd period - Shot Blocked by Teemu Hartikainen.
12:24 of 3rd period - Penalty to Andy Andreoff is over, Andy Andreoff is back on ice.
14:32 of 3rd period - Slava Voynov is hit by Jan Hlavac and loses puck.
15:32 of 3rd period - Jordan Szwarz is hit by Lars Eller and loses puck.
16:17 of 3rd period - Thomas Hickey is hit by James Wisniewski and loses puck.
16:49 of 3rd period - Wrist shot by Logan Shaw.
16:49 of 3rd period - Stopped by Corey Crawford with a rebound.
19:54 of 3rd period - Wrist shot by Matt Beleskey.
19:54 of 3rd period - Stopped by Corey Crawford without a rebound.
19:55 of 3rd period - Denis Arkhipov wins face-off versus Teemu Hartikainen in Sasquatch zone.
Goals for this period are 0 for Sasquatch vs 1 for Mulligans.
Shots for this period are 5 for Sasquatch vs 10 for Mulligans.
Back to the Top